 Dungeon Crawl Stone Soup version 0.30.1-11-g7821555f0a (webtiles) character file.

Game seed: 10703540269891084523

11 2FriedEggs the Digger (level 2, 0/17 HPs)
             Began as an Octopode Earth Elementalist on Nov 13, 2023.
             Slain by an endoplasm (2 damage)
             ... on level 1 of the Dungeon.
             The game lasted 00:00:43 (299 turns).

2FriedEggs the Digger (Octopode Earth Elementalist)  Turns: 299, Time: 00:00:43

Health: 0/17       AC:  1    Str:  7    XL:     2   Next: 25%
Magic:  5/5        EV: 13    Int: 17    God:
Gold:   27         SH:  0    Dex: 12    Spells: 5/6 levels left

rFire   . . .        f - +0 long sword
rCold   . . .        (no shield)
rNeg    . . .        (helmet restricted)
rPois   .            (no amulet)
rElec   .            (no ring)
rCorr   .            (no ring)
SInv    .            (no ring)
Will    .....        (no ring)
Stlth   +++          (no ring)
HPRegen 0.22/turn    (no ring)
MPRegen 0.09/turn    (no ring)
                     (no ring)

%: no passive effects
@: brilliant
A: almost no armour, amphibious, 8 rings, camouflage 1, gelatinous body 1,
(nimble swimmer 1), tentacles
a: no special abilities


You were on level 1 of the Dungeon.
You visited 1 branch of the dungeon, and saw 1 of its levels.

You collected 27 gold pieces.

Inventory:

Hand Weapons
 f - a +0 long sword (weapon)
Armour
 e - a scarf of shadows
Jewellery
 g - a ring of ice
Scrolls
 c - a scroll of identify {unknown}
Potions
 a - a potion of magic
 d - a potion of flight {unknown}


   Skills:
 - Level 2.0 Dodging
 - Level 2.6 Stealth
 + Level 2.7 Spellcasting
 - Level 1.0 Transmutations
 - Level 3.0 Earth Magic


You had 5 spell levels left.
You knew the following spells:

 Your Spells              Type           Power      Damage    Failure   Level
a - Sandblast             Erth           36%        2d10      5%          1

Your spell library contained the following spells:

 Spells                   Type           Power      Damage    Failure   Level
 Passwall                 Tmut/Erth      10%        N/A       12%         2
 Shock                    Conj/Air       12%        1d3       19%         1
 Stone Arrow              Conj/Erth      22%        3d8       28%         3
 Swiftness                Air            3%         N/A       47%         3
 Petrify                  Tmut/Erth      13%        N/A       61%         4
 Airstrike                Air            1%         2d(1-17)  87%         4


Dungeon Overview and Level Annotations

Branches:
Dungeon (1/15)

Altars:


Innate Abilities, Weirdness & Mutations

You cannot wear most types of armour.
You are amphibious.
You can wear up to eight rings at the same time.
Your skin changes colour to match your surroundings (Stealth+).
Your rubbery body absorbs attacks. (AC +1, EV +1)
((You are camouflaged when in or above water. (Stealth+)))
You have tentacles for arms and can constrict up to eight enemies at once.


Message History

The kobold shouts!
The bat hits you but does no damage.
You barely miss the bat. You grab the bat. You constrict the bat.
The bat hits you.
The bat struggles to escape constriction.
The bat escapes!
The kobold closely misses you.
An endoplasm comes into view.
The bat hits you but does no damage.
You closely miss the bat. You grab the bat. You constrict the bat.
The bat misses you.
The bat struggles to escape constriction.
The bat escapes!
The kobold hits you with a +0 short sword. x2
You completely miss the kobold. Your grab misses the kobold.
Your squeeze misses the kobold. The bat hits you but does no damage.
The kobold completely misses you.
You barely miss the bat. Your grab misses the bat.
The bat is moderately wounded.
The bat hits you.
The kobold hits you with a +0 short sword.
The bat barely misses you.
You hit the bat. You grab the bat.
The bat is heavily wounded.
You constrict the bat. The bat hits you but does no damage.
The bat escapes!
The kobold hits you with a +0 short sword.
The endoplasm freezes you.
You are frozen.
The bat hits you but does no damage. The endoplasm freezes you.
You are frozen.
* * * LOW HITPOINT WARNING * * *
The kobold closely misses you.
You closely miss the kobold. Your grab misses the kobold. The bat hits you.
* * * LOW HITPOINT WARNING * * *
The bat hits you but does no damage. The kobold misses you.
The endoplasm misses you.
Unknown command.
It was a potion of brilliance.
You feel clever all of a sudden. The kobold closely misses you.
The endoplasm hits you.
You die...

#.. ...
..........'...#
## ..
..........#.###
.......)..#.#
....).....#.#
.....#......#
..># #.######
... ###?###
....#.J...#
.......@..#
...._..K..#
...##..b..# ..
#.....# .
#.....# #.....#
#.....# #.....#


You could see an endoplasm, a bat and a kobold.

Vanquished Creatures
  A bat (D:1)
  2 endoplasms (D:1)
  A goblin (D:1)
  A hobgoblin (D:1)
  A quokka (D:1)
  A frilled lizard (D:1)
  A kobold (D:1)
  2 rats (D:1)
10 creatures vanquished.

Notes
Turn   | Place    | Note
-------+----------+-------------------------------------------
     0 | D:1      | 2FriedEggs the Octopode Earth Elementalist began the quest
                  | for the Orb.
     0 | D:1      | Reached XP level 1. HP: 11/11 MP: 3/3
   178 | D:1      | Reached XP level 2. HP: 17/17 MP: 0/5
   281 | D:1      | Found a faded altar of an unknown god.
   299 | D:1      | Slain by an endoplasm

Illustrated notes

Levels and vault maps discovered:
D:1:      zaba_arrival_water, layout_basic, basic_ecumenical_altar

Action                     || total
---------------------------++-------
  Melee: Long sword        ||    13
         Constrict         ||     3
   Cast: Sandblast         ||     8
    Use: Potion            ||     1
   Stab: Sleeping          ||     3
 Armour: Skin              ||     7
  Dodge: Dodged            ||    14
